 Dungeon Crawl Stone Soup version 0.17-a0-469-g696e5a1 (webtiles) character file.

142 Radiman the Skirmisher (level 5, -6/46 HPs)
             Began as a Centaur Fighter on Apr 6, 2015.
             Mangled by an iguana (9 damage)
             ... on level 3 of the Dungeon.
             The game lasted 00:11:51 (2848 turns).

Radiman the Skirmisher (Centaur Fighter)            Turns: 2848, Time: 00:11:52

Health: -6/46      AC: 11    Str: 18    XL:     5   Next: 4%
Magic:  5/5        EV:  1    Int: 14    God:
Gold:   184        SH:  8    Dex:  9    Spells: 0 memorised, 4 levels left

rFire  . . .     SeeInvis .     a - +0 war axe
rCold  . . .     Clarity  .     p - +0 plate armour
rNeg   . . .     SustAb   .     t - +0 shield
rPois  +         Gourm    .     (no helmet)
rElec  .         Spirit   .     v - +0 cloak
rCorr  .         Warding  .     r - +0 pair of gloves (curse)
rMut   .         Stasis   .     (no barding)
MR     .....                    (no amulet)
Stlth  ..........               l - +6 ring of intelligence
                                g - ring of poison resistance

@: very quick, not resistant to hostile enchantments, extremely unstealthy
A: hooves 3, deformed body, speed 2, tough skin 3
a: no special abilities


You were on level 3 of the Dungeon.
You were not hungry.

You visited 1 branch of the dungeon, and saw 4 of its levels.

You collected 184 gold pieces.

Inventory:

Hand weapons
 a - a +0 war axe (weapon)
 c - a +0 blowgun
Missiles
 u - 6 poisoned needles
Armour
 p - a +0 plate armour (worn)
 r - a cursed +0 pair of gloves (worn)
 t - a +0 shield (worn)
 v - a +0 cloak (worn)
Jewellery
 g - a ring of poison resistance (left hand)
 l - a +6 ring of intelligence (right hand)
Magical devices
 y - a wand of slowing (37)
Scrolls
 j - 3 scrolls of fog {unknown}
 m - 2 scrolls of magic mapping {unknown}
 n - 6 scrolls of identify {unknown}
 q - 3 scrolls of remove curse {unknown}
 w - a scroll of immolation {unknown}
Potions
 b - 2 potions of curing {unknown}
 e - a potion of might
 f - a potion of brilliance {unknown}
 i - 2 potions of ambrosia {unknown}
 k - a potion of flight {unknown}
 x - a potion of agility {unknown}
 z - a potion of poison {unknown}
Books
 o - a book of Flames

   Spells                             Type                      Level
   a - Flame Tongue                   Conjuration/Fire             1
   b - Throw Flame                    Conjuration/Fire             2
   c - Conjure Flame                  Conjuration/Fire             3
   d - Inner Flame                    Hexes/Fire                   3
   e - Sticky Flame                   Conjuration/Fire             4
   f - Fireball                       Conjuration/Fire             5
Comestibles
 d - a bread ration
 h - a meat ration
 s - 6 chunks of flesh


   Skills:
 + Level 4.1 Fighting
 * Level 3.4 Axes
 + Level 2.7 Armour
 - Level 2.1 Shields


You had 4 spell levels left.
You didn't know any spells.

Dungeon Overview and Level Annotations

Branches:
Dungeon (4/15)
 Temple: D:4-7

Altars:
Cheibriados
Nemelex Xobeh
Okawaru


Innate Abilities, Weirdness & Mutations

You have hooves in place of feet.
Armour fits poorly on your strangely shaped body.
You cover ground very quickly.
You have extremely tough skin (AC +3).


Message History

You miss the hound. Your kick misses the hound.
The hound is heavily wounded.
The hound completely misses you. The hound bites you but does no damage.
You hit the hound.
The hound is almost dead.
The hound bites you but does no damage. You block the hound's attack.
You closely miss the hound. Your kick misses the hound.
The hound is almost dead.
The hound bites you but does no damage. The hound bites you.
* * * LOW HITPOINT WARNING * * *
You hit the hound.
You kill the hound!
You have reached level 5!
You hit the iguana.
The iguana is lightly wounded.
The iguana completely misses you.
You slash the iguana! You kick the iguana, but do no damage.
The iguana is heavily wounded.
You block the iguana's attack. The iguana bites you!
You die...

########### ## #.....)...##
######### .# #.#######..##
#........ .### #.# ##...##
#.######. ...####.# ####.....##
#.# #.. ...##.#.###.........#
#.#####.. #...........##.....##
#.##..... ..#.....#######...##
#.##.##.. #.#.............@##
#.##.##.. ..).#.##########l####
#.##.###. ..(##.# #..>....#
#........ .####.# #.##.##.#
####.#### ## ##+## #.##.##.#
#..... ##...## #.##.##.# #####.
##.....## #.##.##.# ####.
##.......## #.#..##.# ##.##.
#.........###....##.########...#.


You could see an iguana.

Vanquished Creatures
  A hound (D:3)
  An iguana (D:3)
  2 adders
  2 worms
  3 giant geckos
  An ooze (D:2)
  A ball python (D:2)
  7 bats
  3 giant cockroaches (D:1)
  8 hobgoblins
  7 goblins
  8 jackals
  7 kobolds
  A quokka (D:2)
  14 rats
66 creatures vanquished.

Notes
Turn   | Place    | Note
--------------------------------------------------------------
     0 | D:1      | Radiman, the Centaur Fighter, began the quest for the Orb.
     0 | D:1      | Reached XP level 1. HP: 19/19 MP: 1/1
   179 | D:1      | Reached XP level 2. HP: 23/26 MP: 2/2
   892 | D:2      | Reached XP level 3. HP: 31/31 MP: 3/3
  1097 | D:2      | Found a snail-covered altar of Cheibriados.
  1918 | D:3      | Found an iron altar of Okawaru.
  1975 | D:3      | Reached XP level 4. HP: 26/40 MP: 4/4
  2427 | D:3      | Reached skill level 4 in Fighting
  2748 | D:4      | Found a sparkling altar of Nemelex Xobeh.
  2845 | D:3      | HP: 2/40 [hound (3)]
  2846 | D:3      | Reached XP level 5. HP: 2/46 MP: 5/5
  2848 | D:3      | Mangled by an iguana

Action                   |  1- 3 |  4- 6 || total
-------------------------+-------+-------++-------
Melee: War axe           |   137 |    60 ||   197
  Eat: Chunk             |     2 |     3 ||     5
